 Dungeon Crawl Stone Soup version 0.17-a0-2171-ga91b4ec (webtiles) character file.

1575 nicanaca0 the Grappler (level 8, -6/75 HPs)
             Began as a Troll Monk on Oct 25, 2015.
             Mangled by an iguana (10 damage)
             ... on level 5 of the Dungeon.
             The game lasted 00:09:27 (3845 turns).

nicanaca0 the Grappler (Troll Monk)                 Turns: 3845, Time: 00:09:27

Health: -6/75      AC:  8    Str: 20    XL:     8   Next: 60%
Magic:  7/7        EV: 10    Int:  6    God:
Gold:   269        SH:  0    Dex: 14    Spells: 0 memorised, 7 levels left

rFire  . . .     SeeInvis .       - Unarmed
rCold  . . .     Clarity  .     t - +2 robe {rN+}
rNeg   + . .     SustAt   .     (no shield)
rPois  .         Gourm    +     (helmet restricted)
rElec  .         Spirit   .     o - +0 cloak
rCorr  .         Warding  .     (gloves unavailable)
rMut   +         Rnd*Tele +     (boots unavailable)
MR     .....                    r - amulet of resist mutation
Stlth  +.........               C - ring of flight
                                B - ring of teleportation (curse)

@: drained, not resistant to hostile enchantments, very unstealthy
A: unfitting armour, claws 3, fast metabolism 3, gourmand, regeneration 2,
shaggy fur 1, tough skin 2
a: Evoke Flight, Evoke Teleportation


You were on level 5 of the Dungeon.
You were very full.

You visited 2 branches of the dungeon, and saw 6 of its levels.

You collected 269 gold pieces.

Inventory:

Hand Weapons
 n - a +0 dagger of electrocution
Armour
 o - a +0 cloak (worn)
 t - a +2 robe of positive energy (worn)
Jewellery
 r - an amulet of resist mutation (around neck)
 B - a cursed ring of teleportation (left claw)
 C - a ring of flight (right claw)
Wands
 j - a wand of frost (40)
 p - a wand of draining (5)
 v - a wand of random effects (24)
 A - a wand of fireball (2)
Scrolls
 a - a scroll of recharging {unknown}
 e - a scroll of teleportation {unknown}
 f - a scroll of remove curse {unknown}
 h - a scroll of amnesia {unknown}
 k - a scroll of immolation {unknown}
 q - a scroll of fog {unknown}
 y - a scroll of identify
Potions
 g - a potion of haste
 i - 3 potions of curing
 u - 2 potions of flight {unknown}
 w - 2 potions of heal wounds {unknown}
 x - a potion of might
 z - 2 potions of degeneration {unknown}
Comestibles
 b - 5 bread rations
 c - a royal jelly
 d - 3 meat rations
 l - 4 chunks of flesh
 m - 2 slices of pizza
 s - a beef jerky


   Skills:
 * Level 3.2(2.8) Fighting
 + Level 2.8(2.5) Dodging
 - Level 1.1(0.8) Stealth
 * Level 11.0(10.6) Unarmed Combat


You had 7 spell levels left.
You didn't know any spells.

Dungeon Overview and Level Annotations

Branches:
Dungeon (5/15)             Temple (1/1) D:4

Altars:
Ashenzari
Cheibriados
Dithmenos
Elyvilon
Fedhas
Gozag
Kikubaaqudgha
Makhleb
Nemelex Xobeh
Okawaru
Qazlal
Ru
Sif Muna
Trog
Xom
Yredelemnul
Zin
The Shining One


Innate Abilities, Weirdness & Mutations

You are too large for most types of armour.
You have claws for hands.
Your metabolism is lightning-fast.
You like to eat raw meat.
You heal very quickly.
You are covered in fur (AC +1).
You have very tough skin (AC +2).


Message History

You partially resist.
You feel drained.
You scratch the wight.
The wight is moderately damaged.
The iguana bites you!
The wight hits you with an enchanted war axe.
You barely miss the wight.
The wight is moderately damaged.
The iguana bites you but does no damage.
You completely miss the wight.
The wight is moderately damaged.
The wight hits you with an enchanted war axe!
* * * LOW HITPOINT WARNING * * *
You partially resist.
You feel drained.
* * * LOW HITPOINT WARNING * * *
The wight hits you with a hand axe of freezing.
* * * LOW HITPOINT WARNING * * *
The wight freezes you.
* * * LOW HITPOINT WARNING * * *
The iguana bites you!
You die...

.....## ......#
....... .
....... ..#
....... ....
##....... .....
#........
......#.l....#.
#.....)@....##
#....zzz...##
..$.......##
..........#
#.........#
##.........
#..........
#$...#####..


You could see an iguana and 3 wights.

Vanquished Creatures
  Grinder (D:4)
  Sigmund (D:2)
  Duvessa (D:4)
  A phantom (D:5)
  4 ogres (D:4)
  An ice beast (D:3)
  Dowan (D:4)
  2 wights (D:5)
  2 orc priests
  Ijyb (D:2)
  An iguana (D:5)
  3 orc wizards
  A centaur skeleton (D:4)
  Terence (D:2)
  3 worker ants
  A hound zombie (D:5)
  5 adders
  3 gnolls (D:2)
  An ooze (D:2)
  An adder skeleton (D:4)
  4 worms
  8 orcs
  3 giant cockroaches
  5 hobgoblins
  4 jackals (D:2)
  8 kobolds
  2 quokkas
  8 bats
  A giant gecko skeleton (D:5)
  4 giant newts
  10 goblins
  8 rats
100 creatures vanquished.

Notes
Turn   | Place    | Note
--------------------------------------------------------------
     0 | D:1      | nicanaca0 the Troll Monk began the quest for the Orb.
     0 | D:1      | Reached XP level 1. HP: 22/22 MP: 0/0
   341 | D:1      | Reached XP level 2. HP: 27/29 MP: 1/1
  1229 | D:2      | Reached skill level 5 in Unarmed Combat
  1229 | D:2      | Reached XP level 3. HP: 29/36 MP: 2/2
  1395 | D:2      | Noticed Ijyb
  1405 | D:2      | Killed Ijyb
  1485 | D:2      | Noticed Sigmund
  1508 | D:2      | Killed Sigmund
  1508 | D:2      | Reached skill level 7 in Unarmed Combat
  1508 | D:2      | Reached XP level 4. HP: 9/44 MP: 3/3
  1508 | D:2      | Reached XP level 5. HP: 10/50 MP: 4/4
  1652 | D:2      | Noticed Terence
  1659 | D:2      | Killed Terence
  1660 | D:2      | Found a sacrificial altar of Ru.
  1662 | D:2      | Reached XP level 6. HP: 44/59 MP: 5/5
  1668 | D:2      | Found an opulent altar of Gozag.
  2479 | D:3      | Found a stormy altar of Qazlal.
  2779 | D:3      | Reached skill level 8 in Unarmed Combat
  2884 | D:4      | Reached XP level 7. HP: 66/66 MP: 6/6
  2897 | D:4      | Reached skill level 9 in Unarmed Combat
  3024 | D:4      | Noticed Dowan
  3025 | D:4      | Noticed Duvessa
  3029 | D:4      | Killed Dowan
  3042 | D:4      | Killed Duvessa
  3206 | D:4      | Reached skill level 10 in Unarmed Combat
  3206 | D:4      | Reached XP level 8. HP: 74/74 MP: 7/7
  3441 | D:4      | Found a staircase to the Ecumenical Temple.
  3442 | D:4      | Noticed Grinder
  3443 | D:4      | Paralysed by Grinder for 3 turns
  3450 | D:4      | Killed Grinder
  3510 | Temple   | Entered the Ecumenical Temple
  3637 | D:5      | Entered Level 5 of the Dungeon
  3834 | D:5      | Reached skill level 11 in Unarmed Combat
  3845 | D:5      | Mangled by an iguana

Vault maps used:
D:1:      erik_arrival_cave_to_civilisation
D:2:      grunt_temple_overflow_open, minmay_misc_feat_columns, uniq_terence,
          uniq_iyjb, uniq_sigmund
D:3:      old_standard_altar, st_stairs_5
D:4:      minmay_temple_entry_nine_rooms, uniq_grinder, uniq_duvessa
D:5:      first_bread, serial_shops, kennysheep_mini
Temple:   eino_wide_crystal_templ_15

Action                   |  1- 3 |  4- 6 |  7- 9 || total
-------------------------+-------+-------+-------++-------
Melee: Unarmed           |    73 |   102 |    85 ||   260
  Use: Potion            |       |     1 |     1 ||     2
       Scroll            |       |       |     3 ||     3
 Stab: Sleeping          |     2 |     1 |       ||     3
  Eat: Chunk             |    15 |    17 |     8 ||    40
